 Dungeon Crawl Stone Soup version 0.17-a0-1508-ge7f3dc3 (webtiles) character file.

2978 urechis the Basher (level 9, -4/98 HPs)
             Began as an Ogre Gladiator on July 10, 2015.
             Was a Follower of Ru.
             Shot with an arrow by a centaur (7 damage)
             ... on level 8 of the Dungeon.
             The game lasted 00:27:43 (7638 turns).

urechis the Basher (Ogre Gladiator)                 Turns: 7638, Time: 00:27:43

Health: -4/98      AC: 11    Str: 25    XL:     9   Next: 82%
Magic:  9/9        EV: 10    Int:  7    God:    Ru [*.....]
Gold:   701        SH:  0    Dex: 10    Spells: 0 memorised, 8 levels left

rFire  . . .     SeeInvis .     w - +2 flail (protect)
rCold  . . .     Clarity  .     E - +0 robe
rNeg   . . .     SustAt   .     (no shield)
rPois  .         Gourm    .     c - +0 hat
rElec  .         Spirit   .     k - +2 cloak
rCorr  .         Warding  .     (gloves unavailable)
rMut   .         Stasis   .     (boots unavailable)
MR     .....                    A - amulet of regeneration
Stlth  +.........               (no ring)
                                (no ring)

@: not resistant to hostile enchantments, very unstealthy
A: unfitting armour, tough skin 1, hated by all
a: Renounce Religion


You were on level 8 of the Dungeon.
You worshipped Ru.
Ru was aware of your devotion.
You were not hungry.

You visited 2 branches of the dungeon, and saw 9 of its levels.
You also visited: Bailey.

You collected 701 gold pieces.

Inventory:

Hand weapons
 a - a +1 giant spiked club
 b - a +0 blowgun
 w - a +2 flail of protection (weapon)
Missiles
 e - 3 throwing nets
 g - 72 poisoned needles
 D - 2 curare-tipped needles
 I - 5 needles of confusion
 J - 46 tomahawks of returning (quivered)
Armour
 c - a +0 hat (worn)
 k - a +2 cloak (worn)
 E - a +0 robe (worn)
Jewellery
 n - an uncursed ring of ice
 A - an amulet of regeneration (around neck)
 G - an uncursed amulet of resist corrosion
Scrolls
 i - a scroll of fear
 j - 8 scrolls of remove curse
 o - 2 scrolls of enchant armour
 t - 2 scrolls of magic mapping
 B - 2 scrolls of teleportation
Potions
 l - 2 potions of brilliance
 m - 3 potions of haste
 p - a potion of lignification {unknown}
 q - 5 potions of curing
 r - 2 potions of magic {unknown}
 s - 2 potions of might {unknown}
 u - 2 potions of flight
 v - 2 potions of agility {unknown}
 z - a potion of ambrosia {unknown}
Comestibles
 d - 7 bread rations
 x - 2 meat rations
 F - a beef jerky
 H - 4 fruits


   Skills:
 + Level 9.1 Fighting
 + Level 13.3 Maces & Flails
 * Level 6.2 Throwing
 - Level 2.6 Dodging


You had 8 spell levels left.
You didn't know any spells.

Dungeon Overview and Level Annotations

Branches:
Dungeon (8/15)             Temple (1/1) D:7
   Lair: D:8-11

Altars:
Ashenzari
Cheibriados
Dithmenos
Elyvilon
Fedhas
Gozag
Kikubaaqudgha
Makhleb
Nemelex Xobeh
Okawaru
Qazlal
Ru
Sif Muna
Trog
Vehumet
Xom
Yredelemnul
Zin
The Shining One


Innate Abilities, Weirdness & Mutations

You are too large for most types of armour.
You have tough skin (AC +1).
You are hated by all.


Message History

* * * LOW HITPOINT WARNING * * *
The centaur shoots an arrow.
The arrow hits you but does no damage. Something hits you but does no damage.
Drink which item? (? for menu, Esc to quit)
You feel better. The porcupine bites you!
* * * LOW HITPOINT WARNING * * *
The centaur shoots an arrow.
The arrow hits you.
* * * LOW HITPOINT WARNING * * *
The river rat closely misses you. Something hits you.
* * * LOW HITPOINT WARNING * * *
Something shocks you.
* * * LOW HITPOINT WARNING * * *
The porcupine is stunned by your will and fails to attack.
Drink which item? (? for menu, Esc to quit)
Okay, then.
Wield which item (- for none, * to show all)? (? for menu, Esc to quit)
You feel protected!
w - a +2 flail of protection (weapon)
The centaur shoots an arrow.
The arrow hits you!
You die...

...............
.........######.........
###.....## ##.........
##....# #......((......
##..## #.............. ##.#
##..c........... #.#
#[.............. #.##
##..§§r.......... #
##..####....@###........ ##
##.....#....§{r##........
.###..###......§§§##........
.....## ###...)§)(§r†..l.#.#
##(..# ##...)..###....#
#...# ##.....# #...# #....#
####..#### #.... .###.#
##....## #.#.. #. #.##...>.#
#.##


You could see a centaur, a porcupine and a river rat.

Vanquished Creatures
  An orc knight (Bailey)
  Edmund (D:5)
  4 orc warriors (Bailey)
  A black bear (D:7)
  5 ogres
  2 centaurs
  Blork the orc (D:5)
  2 giant frogs
  3 wights (D:6)
  4 crimson imps
  An orc priest (D:4)
  3 hounds
  2 iguanas
  4 orc wizards
  3 worker ants
  8 gnolls
  11 adders
  An adder zombie (D:5)
  A worm (D:3)
  3 giant geckos
  30 orcs
  2 ball pythons
  20 bats
  2 giant cockroaches
  24 hobgoblins
  9 jackals
  4 quokkas
  2 giant newts
  24 goblins
  42 kobolds
  2 quokka skeletons
  12 rats
234 creatures vanquished.

Vanquished Creatures (others)
  A basilisk (D:8)
  A kobold (D:8)
  A fungus (D:8)
  7 plants (D:8)
10 creatures vanquished.

Grand Total: 244 creatures vanquished

Notes
Turn   | Place    | Note
--------------------------------------------------------------
     0 | D:1      | urechis the Ogre Gladiator began the quest for the Orb.
     0 | D:1      | Reached XP level 1. HP: 22/22 MP: 1/1
   316 | D:1      | Reached XP level 2. HP: 29/29 MP: 2/2
   400 | D:1      | Reached skill level 5 in Maces & Flails
   665 | D:1      | Reached XP level 3. HP: 31/36 MP: 3/3
  1061 | D:2      | Reached skill level 6 in Maces & Flails
  1244 | D:3      | Reached XP level 4. HP: 40/44 MP: 4/4
  1701 | D:3      | Found a glowing golden altar of the Shining One.
  1820 | D:3      | Reached skill level 7 in Maces & Flails
  2080 | D:4      | Noticed an ogre
  2109 | D:4      | Killed an ogre
  2109 | D:4      | Reached skill level 8 in Maces & Flails
  2109 | D:4      | Reached XP level 5. HP: 11/50 MP: 5/5
  2436 | D:4      | Reached XP level 6. HP: 59/59 MP: 6/6
  2823 | D:4      | Noticed an ogre
  2834 | D:4      | Killed an ogre
  2834 | D:4      | Reached skill level 9 in Maces & Flails
  3553 | D:5      | Entered Level 5 of the Dungeon
  3586 | D:5      | Found a shadowy altar of Dithmenos.
  3587 | D:5      | Reached skill level 10 in Maces & Flails
  3587 | D:5      | Reached XP level 7. HP: 66/66 MP: 7/7
  3997 | D:5      | Reached skill level 11 in Maces & Flails
  4237 | D:5      | Noticed Edmund
  4242 | D:5      | Killed Edmund
  4459 | D:5      | Reached XP level 8. HP: 69/74 MP: 8/8
  4556 | D:5      | Noticed Blork the orc
  4559 | D:5      | Killed Blork the orc
  4559 | D:5      | Reached skill level 12 in Maces & Flails
  5618 | D:6      | Reached skill level 5 in Fighting
  6171 | D:7      | Found a staircase to the Ecumenical Temple.
  6210 | Temple   | Entered the Ecumenical Temple
  6226 | Temple   | Became a worshipper of Ru the Awakened
  6727 | D:8      | Reached skill level 5 in Throwing
  6727 | D:8      | Reached XP level 9. HP: 85/92 MP: 9/9
  7067 | D:8      | Found a flagged portal.
  7076 | Bailey   | Entered a bailey
  7206 | Bailey   | Noticed an orc knight
  7223 | Bailey   | Killed an orc knight
  7223 | Bailey   | Reached skill level 13 in Maces & Flails
  7426 | Bailey   | Gained mutation: You are hated by all. [Ru sacrifice]
  7426 | Bailey   | Acquired Ru's first power
  7637 | D:8      | HP: 3/98 [something (5)]
  7638 | D:8      | Shot with an arrow by a centaur

Vault maps used:
D:1:      dpeg_arrival_subterranean_lakeside_camping
D:2:      first_bread
D:3:      tso_oasis_becter
D:4:      grunt_ministairs_9
D:5:      nicolae_dithmenos_shadow_blocks, uniq_edmund, uniq_blork_the_orc
D:6:      corexii_shantytown
D:7:      minmay_temple_entry_junction2
D:8:      minmay_lair_entry_grove, enter_bailey_2
Temple:   grunt_circular_temple_18
Bailey:   bailey_axe_1, bailey

Action                   |  1- 3 |  4- 6 |  7- 9 || total
-------------------------+-------+-------+-------++-------
Melee: Flail             |    99 |   104 |    19 ||   222
       Giant club        |       |    43 |       ||    43
       Giant spiked club |       |    39 |   315 ||   354
 Fire: Blowgun           |       |       |    13 ||    13
Throw: Tomahawk          |       |       |    70 ||    70
Invok: Sacrifice Love    |       |       |     1 ||     1
  Use: Scroll            |       |     8 |     8 ||    16
       Potion            |       |       |     4 ||     4
 Stab: Sleeping          |     1 |       |     3 ||     4
       Distracted        |       |       |     1 ||     1
  Eat: Chunk             |       |     9 |    16 ||    25
